 Dungeon Crawl Stone Soup version 0.25.1-2-g60ff931 (webtiles) character file.

Game seed: 1797724629631724558

1932 robertstho the Slinger (level 9, 0/62 HPs)
             Began as a Halfling Hunter on July 30, 2020.
             Succumbed to a killer bee's poison
             ... on level 7 of the Dungeon.
             The game lasted 00:07:44 (4531 turns).

robertstho the Slinger (Halfling Hunter)            Turns: 4531, Time: 00:07:45

Health: 0/62       AC:  7    Str: 12 (13) XL:     9   Next: 40%
Magic:  9/9        EV: 15    Int:  8 (9)  God:
Gold:   247        SH:  0    Dex: 15 (18) Spells: 8/8 levels left

rFire    . . .     SeeInvis .   a - +1 hunting sling
rCold    . . .     Gourm    .   (shield restricted)
rNeg     . . .     Faith    .   c - +0 leather armour
rPois    .         Spirit   .   u - +2 helmet
rElec    .         Reflect  .   x - +0 cloak
rCorr    .         Harm     .   (no gloves)
MR       .....                  (no boots)
Stlth    ++........             (no amulet)
HPRegen  0.20/turn              (no ring)
MPRegen  0.11/turn              (no ring)

@: lethally poisoned (0 -> -12), flying
A: small, mutation resistance 1
a: no special abilities


You were on level 7 of the Dungeon.
You were not hungry.

You visited 1 branch of the dungeon, and saw 6 of its levels.

You collected 247 gold pieces.

Inventory:

Hand Weapons
 a - a +1 hunting sling (weapon)
 b - a +0 short sword
 t - a +2 flail of holy wrath
Missiles
 e - 97 stones (quivered)
 s - 3 curare-tipped darts
 F - a throwing net
Armour
 c - a +0 leather armour (worn)
 u - a +2 helmet (worn)
 x - a +0 cloak (worn)
Jewellery
 A - an uncursed amulet of faith
Wands
 y - a wand of polymorph (6)
 D - a wand of iceblast (4)
Scrolls
 h - 2 scrolls of amnesia
 k - a scroll of teleportation
 l - 5 scrolls of remove curse
 m - 3 scrolls of magic mapping {unknown}
 o - 6 scrolls of identify
 q - 2 scrolls of enchant armour {unknown}
 w - 3 scrolls of enchant weapon {unknown}
 z - a scroll of immolation {unknown}
 B - a scroll of blinking {unknown}
Potions
 d - a potion of magic
 i - a potion of brilliance {unknown}
 n - 2 potions of flight
 p - a potion of haste {unknown}
 r - a potion of mutation {unknown}
 v - 2 potions of degeneration
 C - a potion of berserk rage {unknown}
 E - a potion of lignification {unknown}
Comestibles
 f - 13 rations
 g - a chunk of flesh


   Skills:
 * Level 5.9 Fighting
 + Level 0.2 Maces & Flails
 * Level 13.8 Slings
 + Level 2.1 Armour
 + Level 3.0 Dodging
 + Level 1.7 Stealth


You had 8 spell levels left.
You didn't know any spells.
Your spell library contained the following spells:

 Spells                   Type           Power        Failure   Level  Hunger
 Corona                   Hex            #......      50%         1    ##.....
 Ensorcelled Hibernation  Hex/Ice        #.....       63%         2    ###....
 Confusing Touch          Hex            #.......     86%         3    ####...
 Dazzling Flash           Conj/Hex       #.....       86%         3    ####...
 Tukima's Dance           Hex            #.......     86%         3    ####...


Dungeon Overview and Level Annotations

Branches:
Dungeon (7/15)
 Temple: D:4-7

Altars:
Fedhas
Gozag
Kikubaaqudgha
Sif Muna
Xom
Yredelemnul

Annotations:
D:5 1 runed translucent door, Southernist's ghost, amateur TrWn


Innate Abilities, Weirdness & Mutations

You are small and have problems with some larger weapons.
You are somewhat resistant to further mutation.


Message History

The killer bee stings you.
* * * LOW HITPOINT WARNING * * *
You are more poisoned.
The killer bee poisons you!
Found a stone staircase leading up.
You feel sick. The killer bee barely misses you.
The killer bee closely misses you. The killer bee stings you.
* * * LOW HITPOINT WARNING * * *
You are more poisoned.
The killer bee poisons you! The killer bee barely misses you.
It was a potion of flight.
You feel very buoyant.
You fly up into the air.
* * * LOW HITPOINT WARNING * * *
You feel sick. The killer bee completely misses you. The killer bee misses you.
The killer bee closely misses you. x2
It was a potion of degeneration.
There was something very wrong with that liquid.
You feel weakened.
You feel dopey.
You feel clumsy.
You die...

.............###............[
#.
....#.###.....##(.........#.#
##
...##.###...#..#(............
...........###.(..........###
##.###.##.## #..(.........##
#.# ....# ..#...#.###...# #)#
...## #.#.#Z......# #.# ...
#y#.#..!....# .# #.
#@#.#......... .#
##y#.#.....#.##
#..#..#...#...# #
#.......###...# .......##.#
...# .#.##.. ..# ...# #
......[. !.# .......... ..
.#.<........


You could see 2 killer bees.

Vanquished Creatures
  Sigmund (D:2)
  2 ice beasts
  2 sky beasts
  2 ogres
  2 phantoms
  A centaur (D:5)
  Blork the orc (D:5)
  A big kobold (D:7)
  2 bullfrogs
  2 scorpions
  3 killer bees (D:7)
  3 howler monkeys (D:7)
  A hound (D:6)
  An orc priest (D:6)
  2 jellies
  An orc wizard (D:6)
  2 worker ants (D:5)
  2 adders
  7 gnolls
  2 oozes
  2 worms (D:2)
  2 leopard geckos
  6 orcs
  3 giant cockroaches
  9 goblins
  3 hobgoblins
  4 jackals
  2 quokkas
  3 ball pythons
  6 bats
  2 frilled lizards (D:1)
  7 kobolds
  4 rats
93 creatures vanquished.

Notes
Turn   | Place    | Note
-------+----------+-------------------------------------------
     0 | D:1      | robertstho the Halfling Hunter began the quest for the Orb.
     0 | D:1      | Reached XP level 1. HP: 14/14 MP: 1/1
    87 | D:1      | Reached skill level 6 in Slings
   242 | D:1      | Reached XP level 2. HP: 19/19 MP: 2/2
   934 | D:2      | Noticed Sigmund
  1098 | D:2      | Killed Sigmund
  1098 | D:2      | Reached skill level 9 in Slings
  1098 | D:2      | Reached XP level 3. HP: 21/25 MP: 3/3
  1098 | D:2      | Reached XP level 4. HP: 25/30 MP: 4/4
  1098 | D:2      | Reached XP level 5. HP: 29/35 MP: 5/5
  1200 | D:2      | Reached XP level 6. HP: 32/41 MP: 6/6
  1409 | D:2      | Found an ancient bone altar of Kikubaaqudgha.
  1677 | D:2      | Found a shimmering altar of Xom.
  1679 | D:2      | Found a shimmering altar of Xom.
  1679 | D:2      | Found a shimmering altar of Xom.
  1679 | D:2      | Found a shimmering altar of Xom.
  1689 | D:2      | Found a shimmering altar of Xom.
  1690 | D:2      | Found a shimmering altar of Xom.
  2110 | D:3      | You fall into a shaft and drop 2 floors!
  2110 | D:5      | Entered Level 5 of the Dungeon
  2122 | D:5      | Noticed a sky beast
  2136 | D:5      | Killed a sky beast
  2136 | D:5      | Reached skill level 10 in Slings
  2147 | D:5      | Noticed an ice beast
  2162 | D:5      | Killed an ice beast
  2162 | D:5      | Reached XP level 7. HP: 38/46 MP: 7/7
  2323 | D:5      | Found an ancient bone altar of Kikubaaqudgha.
  2387 | D:5      | Reached skill level 11 in Slings
  2437 | D:5      | Noticed Blork the orc
  2453 | D:5      | Killed Blork the orc
  2487 | D:5      | Found a shimmering blue altar of Sif Muna.
  2531 | D:5      | Found a shimmering blue altar of Sif Muna.
  2579 | D:5      | Reached XP level 8. HP: 48/54 MP: 8/8
  2648 | D:5      | Reached skill level 1 in Armour
  2750 | D:5      | Found a runed translucent door.
  2750 | D:5      | Noticed Southernist's ghost (amateur TrWn)
  3042 | D:6      | Reached skill level 12 in Slings
  3518 | D:6      | Found an opulent altar of Gozag.
  4024 | D:7      | Found a basalt altar of Yredelemnul.
  4050 | D:7      | Reached skill level 13 in Slings
  4069 | D:7      | Reached skill level 5 in Fighting
  4069 | D:7      | Reached XP level 9. HP: 40/61 MP: 9/9
  4184 | D:7      | Found a blossoming altar of Fedhas.
  4529 | D:7      | HP: 3/62 [killer bee (4)]
  4530 | D:7      | HP: 1/62 [poisoned by a killer bee]
  4531 | D:7      | Succumbed to a killer bee's poison

Illustrated notes

Levels and vault maps discovered:
D:1:      dpeg_arrival_circle_labyrinth_a, layout_basic, dk_noncrumbling_4
D:2:      layout_rooms, marbit_many_paths, xom_redecorated, uniq_sigmund
D:3:      layout_loops_ring, bloody_trog
D:5:      layout_gridville, nicolae_overflow_crystal_walls, first_ration,
          gammafunk_ghost_grave, hangedman_feature_mirror, st_stairs_7,
          grunt_decor_one_mirror, uniq_blork_the_orc
D:6:      layout_gridville, grunt_gozag_breadcrumbs
D:7:      layout_rooms, overflow_temple_1_default,
          nicolae_overflow_hidden_temple, basic_altar

Skill      XL: |  1  2  3  4  5  6  7  8  9 |
---------------+----------------------------+-----
Slings         | 6 9 10 11 13 | 13.8
Fighting       | 2 3 5 |  5.9
Armour         | 1 2 |  2.1
Dodging        | 3 |  3.0
Maces & Flails | |  0.2
Stealth        | |  1.7

Action                   |  1- 3 |  4- 6 |  7- 9 || total
-------------------------+-------+-------+-------++-------
Melee: Flail             |       |     8 |       ||     8
 Fire: Hunting sling     |    59 |    93 |   292 ||   444
  Use: Scroll            |       |       |     5 ||     5
       Potion            |       |       |     5 ||     5
  Eat: Chunk             |       |     4 |     6 ||    10
Armor: Leather armour    |     8 |    14 |    27 ||    49
Dodge: Dodged            |    12 |     9 |   104 ||   125
